 Dungeon Crawl Stone Soup version 0.31-a0-1467-g53b6572822 (webtiles) character file.

Game seed: 6658536680288504436

254 shadizar the Sneak (level 6, -11/41 HPs)
             Began as an Octopode Fire Elementalist on Dec 28, 2023.
             Mangled by an ice beast (12 damage)
             ... on level 3 of the Dungeon.
             The game lasted 00:05:25 (3105 turns).

shadizar the Sneak (Octopode Fire Elementalist)     Turns: 3105, Time: 00:05:26

Health: -11/41     AC:  1    Str:  7    XL:     6   Next: 15%
Magic:  10/10      EV: 13    Int: 20    God:
Gold:   197        SH:  0    Dex: 12    Spells: 9/10 levels left

rFire   . . .        h - +3 falchion
rCold   . . .        j - orb {mayhem}
rNeg    . . .        (helmet restricted)
rPois   .            (no amulet)
rElec   .            (no ring)
rCorr   .            (no ring)
SInv    .            (no ring)
Will    .....        (no ring)
Stlth   +++          (no ring)
HPRegen 0.26/turn    (no ring)
MPRegen 0.12/turn    (no ring)
                     (no ring)

%: mayhem
@: no status effects
A: almost no armour, amphibious, 8 rings, camouflage 1, gelatinous body 1,
(nimble swimmer 1), tentacles
a: no special abilities


You were on level 3 of the Dungeon.
You visited 1 branch of the dungeon, and saw 4 of its levels.

You collected 197 gold pieces.

Inventory:

Hand Weapons
 c - a +0 dagger
 h - a +3 falchion (weapon)
Armour
 j - an orb of mayhem (worn)
Jewellery
 m - an amulet of faith
Scrolls
 g - 5 scrolls of teleportation {unknown}
 i - a scroll of butterflies {unknown}
 k - a scroll of vulnerability {unknown}
 l - a scroll of enchant weapon {unknown}
 n - a scroll of noise {unknown}
Potions
 b - a potion of haste {unknown}
 d - 2 potions of heal wounds {unknown}
 e - a potion of lignification {unknown}
 f - a potion of might {unknown}
 o - a potion of curing {unknown}


   Skills:
 * Level 2.5 Fighting
 + Level 3.1 Dodging
 + Level 4.3 Stealth
 + Level 2.8 Spellcasting
 + Level 2.3 Conjurations
 + Level 3.7 Fire Magic


You had 9 spell levels left.
You knew the following spells:

 Your Spells              Type           Power      Damage    Failure   Level
a - Foxfire               Conj/Fire      56%        2x1d6     4%          1

Your spell library contained the following spells:

 Spells                   Type           Power      Damage    Failure   Level
 Scorch                   Fire           34%        2d6       4%          2
 Inner Flame              Hex/Fire       10%        N/A       21%         3
 Volatile Blastmotes      Fire/Tloc      20%        2d11      21%         3
 Flame Wave               Conj/Fire      14%        2d6       38%         4


Dungeon Overview and Level Annotations

Branches:
Dungeon (4/15)
 Temple: D:4-7

Altars:

Shops:
D:2 :


Innate Abilities, Weirdness & Mutations

You cannot wear most types of armour.
You are amphibious.
You can wear up to eight rings at the same time.
Your skin changes colour to match your surroundings (Stealth+).
Your rubbery body absorbs attacks. (AC +1, EV +1)
((You are camouflaged when in or above water. (Stealth+)))
You have tentacles for arms and can constrict up to eight enemies at once.


Message History

The foxfire hits the ice beast but does no damage.
The ice beast is lightly wounded.
The foxfire hits the ice beast but does no damage.
The ice beast is lightly wounded.
There is a stone staircase leading up here.
The ice beast closely misses you.
You climb upwards.
Your magical contamination has completely faded away.
There is a stone staircase leading down here.
Casting: Foxfire (safe; 4% risk of failure)
Confirm with . or Enter, or press ? or * to list all spells.
Okay, then.
Sorry, you're not good enough to have a special ability.
Casting: Foxfire (safe; 4% risk of failure)
Confirm with . or Enter, or press ? or * to list all spells.
You conjure some foxfire!
The ice beast hits you. The ice beast freezes you! The ice beast hits you.
The ice beast freezes you!
Unknown command.
You hit the ice beast. You squeeze the ice beast!
The ice beast is severely wounded.
The foxfire hits the ice beast but does no damage.
The ice beast is severely wounded.
The foxfire hits the ice beast but does no damage.
The ice beast is severely wounded.
The ice beast barely misses you. The ice beast closely misses you.
Unknown command.
Unknown command.
You barely miss the ice beast.
The ice beast is severely wounded.
The ice beast closely misses you. The ice beast hits you.
* * * LOW HITPOINT WARNING * * *
The ice beast freezes you.
* * * LOW HITPOINT WARNING * * *
Unknown command.
Unknown command.
Unknown command.
Magic courses through your body. The ice beast hits you.
* * * LOW HITPOINT WARNING * * *
The ice beast freezes you!
You die...

########.######..##### #....#
.........# ##..## ######....#
########## #...## ##.........#
.############.#..# #..####..<.#
.....#.....##.#>.## #.## #....#
............#.#...###.# ######
..............#.#...#.# #######
†.÷...........#.##....# ##......
..............#Y@..#.#####.......
..............#..###.............
.................[.......##......
..................#.).....#######
.....#........#.#.......#..##
##.###..#..####.####)......<###
##......#...# #.###)..........###
.....[###.#.###.##..#.......#...#
##..####..#..##.##.##.......###.#


You could see a neutral ice beast (fast, strong, frenzied).

Vanquished Creatures
  A phantom (D:4)
  2 bombardier beetles
  3 adders
  A worm (D:3)
  3 dart slugs
  An orc (D:3)
  5 bats
  7 endoplasms
  5 giant cockroaches
  8 goblins
  8 hobgoblins
  7 jackals
  4 kobolds
  5 ball pythons
  3 frilled lizards
  6 rats
69 creatures vanquished.

Vanquished Creatures (collateral kills)
  A giant cockroach (D:2)
1 creature vanquished.

Vanquished Creatures (others)
  212 foxfires
212 creatures vanquished.

Grand Total: 282 creatures vanquished

Notes
Turn   | Place    | Note
-------+----------+-------------------------------------------
     0 | D:1      | shadizar the Octopode Fire Elementalist began the quest for
                  | the Orb.
     0 | D:1      | Reached XP level 1. HP: 11/11 MP: 3/3
    93 | D:1      | Reached XP level 2. HP: 17/17 MP: 0/5
   122 | D:1      | Reached skill level 3 in Stealth
   815 | D:1      | Reached XP level 3. HP: 18/22 MP: 0/6
  1183 | D:2      | Found Aposus's Vocational Training.
  1360 | D:2      | Reached skill level 1 in Fighting
  1513 | D:2      | Reached XP level 4. HP: 28/28 MP: 7/7
  1673 | D:2      | Found a faded altar of an unknown god.
  2656 | D:3      | Reached XP level 5. HP: 34/34 MP: 1/8
  3015 | D:4      | Noticed a phantom
  3027 | D:4      | Reached skill level 4 in Stealth
  3092 | D:4      | Noticed an ice beast
  3097 | D:4      | Killed a phantom
  3098 | D:4      | Reached XP level 6. HP: 41/41 MP: 1/10
  3105 | D:3      | HP: 1/41 [ice beast (5)]
  3105 | D:3      | Mangled by an ice beast

Illustrated notes

Levels and vault maps discovered:
D:1:      erik_arrival_cave_to_civilisation [erik_arrival_cave_to_hall],
          layout_loops_ring, minivault_14
D:2:      layout_basic, hellmonk_ecumenical_altar_pennies_from_heaven,
          nicolae_shop_vocational
D:3:      layout_rooms
D:4:      minmay_chambers_of_fours, layout_rooms

Skill      XL: |  1  2  3  4  5 |
---------------+----------------+-----
Stealth        | 3 4 |  4.3
Fighting       | 1 2 |  2.5
Conjurations   | 2 |  2.3
Dodging        | 3 |  3.1
Spellcasting   | |  2.8
Fire Magic     | |  3.7

Action                     |  1- 3 |  4- 6 || total
---------------------------+-------+-------++-------
  Melee: Unarmed           |     6 |       ||     6
         Constrict         |     9 |     3 ||    12
         Tentacles         |     6 |     3 ||     9
         Dagger            |     5 |       ||     5
         Falchion          |    22 |    20 ||    42
   Cast: Foxfire           |    51 |    83 ||   134
    Use: Potion            |       |     1 ||     1
   Stab: Sleeping          |     5 |     5 ||    10
 Armour: Skin              |    26 |    13 ||    39
  Dodge: Dodged            |    33 |    17 ||    50

Table legend: (Time is in decaauts)
 A = Elapsed time spent in this place.
 B = Non-inter-level travel time spent in this place.
 C = Inter-level travel time spent in this place.
 D = Time resting spent in this place.
 E = Time spent auto-exploring this place.
 F = Levels seen in this place.
 G = Mean time per level.
                   A        B        C        D        E       F      G
               +--------+--------+--------+--------+--------+-----+--------+
         Total |   3116 |   3051 |     65 |      0 |   2480 |   4 |  779.0 |
       Dungeon |   3116 |   3051 |     65 |      0 |   2480 |   4 |  779.0 |
               +--------+--------+--------+--------+--------+-----+--------+

Top non-repeatable levels by time:
     D:1: 1074 daAuts
     D:3: 982 daAuts
     D:2: 972 daAuts
     D:4: 86 daAuts
